 Dungeon Crawl Stone Soup version 0.26.0-57-g60708a5e39 (webtiles) character file.

Game seed: 5045782698669636350

23940 pbellow the Carver (level 13, 0/122 HPs)
             Began as a Hill Orc Fighter on Feb 2, 2021.
             Was a High Priest of Beogh.
             Slain by a 16-headed hydra (3 damage)
             ... on level 5 of the Lair of Beasts.
             The game lasted 01:27:26 (15277 turns).

pbellow the Carver (Hill Orc Fighter)              Turns: 15277, Time: 01:27:27

Health: 0/122      AC: 29    Str: 20    XL:     13   Next: 9%
Magic:  13/13      EV:  5    Int:  8    God:    Beogh [*****.]
Gold:   1263       SH: 10    Dex: 10    Spells: 12/12 levels left

rFire    + . .     SeeInvis +   z - +10 long sword "Fatoes" {holy, *Noise rF+ Will+ SInv}
rCold    + . .     Faith    .   c - +0 kite shield
rNeg     . . .     Spirit   .   Q - +7 plate armour of the Bagpipe {rElec Regen+ Str-4 SInv}
rPois    .         Reflect  .   k - +0 helmet
rElec    +         Harm     .   S - +1 cloak
rCorr    .         Rampage  .   (no gloves)
Will     +....                  E - +0 pair of boots
Stlth    ..........             (no amulet)
HPRegen  0.70/turn              (no ring)
MPRegen  0.13/turn              (no ring)

@: no status effects
A: walk on water, icy blue scales 1, slimy green scales 1, cold resistance 1
a: Renounce Religion, Smiting, Recall Orcish Followers, Give Item to Named
Follower


You were on level 5 of the Lair of Beasts.
You worshipped Beogh.
Beogh was extremely pleased with you.
You visited 2 branches of the dungeon, and saw 16 of its levels.

You collected 1323 gold pieces.
You spent 60 gold pieces at shops.

Inventory:

Hand Weapons
 a - a +1 war axe
 z - the +10 long sword "Fatoes" (weapon) {holy, *Noise rF+ Will+ SInv}
   (You took it off an orc on level 8 of the Dungeon)

   It has been blessed by the Shining One to cause great damage to the undead
   and demons.
   It protects you from fire.
   It affects your willpower, your defense against some magical effects.
   It lets you see invisible.
   It may make noises in combat.
Armour
 b - a +0 chain mail
 c - a +0 kite shield (worn)
 g - a scarf of shadows
 i - a +0 chain mail
 k - a +0 helmet (worn)
 y - a +2 chain mail of cold resistance
 E - a +0 pair of boots (worn)
 F - the +0 chain mail of the Chupacabra {rC+ Stlth+}
   (You found it on level 9 of the Dungeon)

   It protects you from cold.
   It makes you more stealthy.
 I - a +3 plate armour
 Q - the +7 plate armour of the Bagpipe (worn) {rElec Regen+ Str-4 SInv}
   (You found it on level 4 of the Lair of Beasts)

   It affects your strength (-4).
   It insulates you from electricity.
   It lets you see invisible.
   It increases your rate of regeneration.
 S - a +1 cloak (worn)
Magical Staves
 C - an uncursed staff of conjuration
 N - an uncursed staff of earth {unknown}
Jewellery
 f - an uncursed ring of fire
 h - an uncursed ring of ice
 D - an uncursed ring of see invisible
 K - an uncursed amulet of guardian spirit
 L - an uncursed ring of protection from fire
 P - an uncursed ring of protection from fire
 R - an uncursed amulet of guardian spirit
 U - a cursed amulet of inaccuracy
Wands
 p - a wand of enslavement (10)
 u - a wand of disintegration (7)
 v - a wand of flame (30)
 x - a wand of iceblast (14)
 O - a wand of paralysis (17)
Scrolls
 e - 3 scrolls of magic mapping
 l - 2 scrolls of blinking
 o - 3 scrolls of identify
 q - 4 scrolls of enchant weapon
 s - 4 scrolls of noise
 w - 2 scrolls of amnesia
 A - 3 scrolls of remove curse
 B - 6 scrolls of teleportation
 G - a scroll of fear
 M - a scroll of torment
Potions
 d - 6 potions of might
 j - 3 potions of lignification
 n - a potion of brilliance
 t - 2 potions of attraction
 H - a potion of heal wounds
 J - 2 potions of ambrosia
 T - a potion of curing
Miscellaneous
 r - a phial of floods


   Skills:
 + Level 13.2 Fighting
 * Level 14.0 Long Blades
 - Level 12.2 Axes
 - Level 7.4 Armour
 - Level 2.2 Dodging
 - Level 1.1 Stealth
 - Level 7.7 Shields
 - Level 0.5 Evocations


You had 12 spell levels left.
You didn't know any spells.
Your spell library contained the following spells:

 Spells                   Type           Power        Failure   Level
 Apportation              Tloc           0%           100%        1
 Magic Dart               Conj           0%           100%        1
 Shock                    Conj/Air       0%           100%        1
 Blink                    Tloc           N/A          100%        2
 Call Imp                 Summ           0%           100%        2
 Poisonous Vapours        Pois/Air       0%           100%        2
 Slow                     Hex            0%           100%        2
 Conjure Flame            Conj/Fire      0%           100%        3
 Gell's Gravitas          Tloc           0%           100%        3
 Mephitic Cloud           Conj/Pois/Air  0%           100%        3
 Stone Arrow              Conj/Erth      0%           100%        3
 Irradiate                Conj/Tmut      0%           100%        5
 Freezing Cloud           Conj/Ice/Air   0%           100%        6
 Hydra Form               Tmut           0%           100%        6
 Statue Form              Tmut/Erth      0%           100%        6
 Dragon Form              Tmut           0%           100%        7
 Spellforged Servitor     Conj/Summ      0%           100%        7


Dungeon Overview and Level Annotations

Branches:
Dungeon (11/15)            Temple (0/1) D:7            Lair (5/6) D:11
  Swamp (0/4) Lair:4        Snake (0/4) Lair:4          Orc (0/2) D:9
  Slime: Lair:5-6

Altars:
Hepliaklqana
Kikubaaqudgha
Qazlal
The Shining One
Lugonu

Shops:
D:5 (([*   D:6 (!(

Annotations:
D:5 Prince Ribbit
D:9 2 transporters
Lair:5 Urug


Innate Abilities, Weirdness & Mutations

You can walk on water.
You are partially covered in icy blue scales. (AC +2)
You are partially covered in slimy green scales. (AC +2)
Your flesh is cold resistant. (rC+)


Message History

You block the 16-headed hydra's attack.
The 16-headed hydra bites you but does no damage.
The 16-headed hydra completely misses you.
The 16-headed hydra bites you.
* * * LOW HITPOINT WARNING * * *
The yak bellows!
You block the 16-headed hydra's attack.
The 16-headed hydra bites you but does no damage.
You block the 16-headed hydra's attack.
The 16-headed hydra bites you but does no damage. x2
You block the 16-headed hydra's attack.
The 16-headed hydra bites you but does no damage. x2
The 16-headed hydra bites you.
* * * LOW HITPOINT WARNING * * *
You block the 16-headed hydra's attack. x2
The 16-headed hydra bites you but does no damage.
The 16-headed hydra bites you.
* * * LOW HITPOINT WARNING * * *
The 16-headed hydra bites you.
You die...

## # ## ### ####.##.# #.####.#
#.#.#.... ###....## ###...F....
#.##....# ####..@>#
#.......###...kD..#
.......P....?..[......
..........................##..#
.#...#....................#...#
...#...............Y.Y........##.
.....................#....P....#.
.....P...P.....F#....#.Y.........
...............#.........S...<.##


You could see a 16-headed hydra, a lindwurm, 3 yaks and 2 blink frogs.

Vanquished Creatures
  Nessos (Lair:4)
  A hydra (Lair:5)
  A two-headed ogre (D:8)
  A catoblepas (Lair:5)
  Pikel (D:7)
  2 black mambas
  2 cane toads
  Maggie (D:7)
  A gargoyle (D:10)
  3 komodo dragons
  2 rime drakes
  A troll (D:11)
  A tyrant leech (Lair:3)
  4 blink frogs
  A wyvern (Lair:1)
  10 yaks
  A vampire (D:11)
  A basilisk (Lair:3)
  Edmund (D:5)
  A steam dragon (D:9)
  A water moccasin (D:6)
  A swamp worm (Lair:3)
  Duvessa (D:4)
  A black bear (Lair:2)
  An orc warrior (D:7)
  4 ice beasts
  4 ogres
  4 phantoms
  4 wolves
  4 centaurs
  3 lemures (D:7)
  7 bullfrogs
  Dowan (D:4)
  3 wyvern skeletons
  A water moccasin skeleton (D:6)
  A scorpion (D:11)
  3 killer bees (Lair:2)
  21 wights
  An electric eel (Lair:4)
  2 howler monkeys
  2 quasits
  2 centaur zombies
  2 orc priests (D:8)
  7 hounds
  3 jellies
  A bullfrog skeleton (D:5)
  A centaur skeleton (D:5)
  8 orc wizards
  3 iguanas
  Jessica (D:3)
  7 worker ants
  A killer bee zombie (D:9)
  A worker ant zombie (D:7)
  A howler monkey skeleton (D:6)
  7 adders
  2 shadow imps
  3 white imps
  An ufetubus (D:9)
  3 adder zombies
  3 oozes
  2 adder skeletons
  2 worms
  5 dart slugs
  5 leopard geckos
  23 orcs
  2 giant cockroaches (D:1)
  4 goblins
  9 hobgoblins
  10 jackals
  7 quokkas
  A ball python (D:4)
  8 bats
  9 frilled lizards (D:1)
  A jackal skeleton (D:4)
  9 kobolds
  A leopard gecko zombie (D:8)
  A quokka skeleton (D:5)
  A rat (D:1)
264 creatures vanquished.

Vanquished Creatures (collateral kills)
  Harold (D:10)
  2 hydras
  The ghost of Gadfly the Cleaver, a journeyman FoFi of Okawaru (Lair:2)
  2 two-headed ogres
  4 oklob plants (Lair:4)
  A black mamba (Lair:3)
  2 gargoyles (D:10)
  3 cane toads
  2 rime drakes
  3 komodo dragons
  2 hornets
  A queen bee (Lair:2)
  4 blink frogs
  A troll (D:10)
  2 wraiths (D:11)
  A basilisk (Lair:2)
  15 yaks
  Grum (D:11)
  A swamp worm (Lair:3)
  2 water moccasins
  A phantom (D:10)
  7 wolves
  An ogre (D:9)
  3 bullfrogs
  4 killer bees (Lair:2)
  2 wights (D:9)
  2 howler monkeys (D:11)
  An orc priest (D:9)
  An iguana (D:10)
  An orc wizard (D:9)
  A worker ant (D:10)
  An adder zombie (D:9)
  A leopard gecko (D:11)
77 creatures vanquished.

Vanquished Creatures (others)
  Urug (Lair:5)
  2 orc knights (Lair:5)
  An orc priest (Lair:4)
  An orc sorcerer (Lair:4)
  2 orc warriors
  An orc wizard (D:3)
  13 orcs
  28 fungi
  45 plants
  3 withered plants (D:9)
97 creatures vanquished.

Grand Total: 438 creatures vanquished

Notes
Turn   | Place    | Note
-------+----------+-------------------------------------------
     0 | D:1      | pbellow the Hill Orc Fighter began the quest for the Orb.
     0 | D:1      | Reached XP level 1. HP: 19/19 MP: 1/1
    42 | D:1      | Reached XP level 2. HP: 18/27 MP: 2/2
   562 | D:1      | Reached XP level 3. HP: 33/33 MP: 3/3
  1054 | D:2      | You fall into a shaft and drop 1 floor!
  1126 | D:3      | Reached XP level 4. HP: 40/40 MP: 4/4
  1188 | D:3      | Noticed Jessica
  1193 | D:3      | Killed Jessica
  1618 | D:3      | Gained mutation: You are clumsy. (Dex -2) [potion of
                  | mutation]
  1618 | D:3      | Gained mutation: Your body sometimes deteriorates upon
                  | taking damage. [potion of mutation]
  1618 | D:3      | Gained mutation: You are partially covered in icy blue
                  | scales. (AC +2) [potion of mutation]
  1693 | D:3      | Became a worshipper of Beogh the Brigand
  1702 | D:3      | Reached XP level 5. HP: 44/47 MP: 5/5
  1896 | D:4      | Reached skill level 5 in Axes
  2325 | D:4      | Noticed a phantom
  2326 | D:4      | Noticed Duvessa
  2327 | D:4      | Noticed Dowan
  2355 | D:4      | Killed Duvessa
  2356 | D:4      | Reached XP level 6. HP: 29/53 MP: 6/6
  2357 | D:4      | Killed Dowan
  2358 | D:4      | Reached skill level 1 in Dodging
  2380 | D:4      | Killed a phantom
  2381 | D:4      | Reached XP level 7. HP: 29/60 MP: 7/7
  2592 | D:4      | Lost mutation: Your body sometimes deteriorates upon taking
                  | damage. [potion of mutation]
  2592 | D:4      | Lost mutation: You are clumsy. (Dex -2) [potion of
                  | mutation]
  2592 | D:4      | Gained mutation: You are partially covered in slimy green
                  | scales. (AC +2) [potion of mutation]
  2592 | D:4      | Gained mutation: Your flesh is cold resistant. (rC+)
                  | [potion of mutation]
  2659 | D:5      | Entered Level 5 of the Dungeon
  2662 | D:5      | Found a glowing golden altar of the Shining One.
  2689 | D:5      | Found Nyoj's Weapon Shop.
  2702 | D:5      | Reached skill level 5 in Fighting
  2720 | D:5      | Noticed Prince Ribbit
  3005 | D:5      | Noticed Edmund
  3046 | D:5      | Killed Edmund
  3046 | D:5      | Reached * piety under Beogh
  3047 | D:5      | Reached skill level 5 in Armour
  3047 | D:5      | Reached skill level 5 in Shields
  3206 | D:5      | Found Lilu Ena's Antique Armour Shop.
  3229 | D:5      | Found Esig Weff's Weapon Boutique.
  3278 | D:5      | Found Ippudiav's Assorted Antiques.
  3287 | D:5      | Bought a scroll of identify for 60 gold pieces
  3302 | D:5      | Found a stormy altar of Qazlal.
  3343 | D:5      | Reached XP level 8. HP: 44/68 MP: 8/8
  3533 | D:5      | You fall into a shaft and drop 1 floor!
  3760 | D:6      | Found Wiugio's Hydra Hut.
  3774 | D:6      | Noticed an eight-headed hydra
  3775 | D:6      | Found Liteor's Distillery.
  4123 | D:6      | Reached ** piety under Beogh
  4337 | D:6      | Found Qikkicw's Weapon Shop.
  4394 | D:6      | Reached skill level 10 in Axes
  4490 | D:6      | Reached XP level 9. HP: 75/75 MP: 9/9
  4742 | D:7      | Found a staircase to the Ecumenical Temple.
  4825 | D:7      | Found a stormy altar of Qazlal.
  4838 | D:7      | Noticed Pikel
  4872 | D:7      | Killed Pikel
  5055 | D:7      | Noticed Maggie
  5071 | D:7      | Killed Maggie
  5637 | D:7      | Found a hazy altar of Hepliaklqana.
  5919 | D:8      | Reached skill level 1 in Stealth
  6143 | D:8      | Noticed a two-headed ogre
  6151 | D:8      | Killed a two-headed ogre
  6152 | D:8      | Reached XP level 10. HP: 51/86 MP: 10/10
  6336 | D:8      | Identified the +10 long sword "Fatoes" {holy, *Noise rF+
                  | Will+ SInv}
  6569 | D:8      | Reached *** piety under Beogh
  6603 | D:8      | Noticed a lindwurm
  6637 | D:8      | Noticed a lindwurm
  6665 | D:8      | Reached skill level 1 in Long Blades
  7123 | D:8      | Noticed a lindwurm
  7185 | D:9      | Reached skill level 2 in Long Blades
  7422 | D:9      | Found a staircase to the Orcish Mines.
  7451 | D:9      | Reached skill level 3 in Long Blades
  7516 | D:9      | Got a smoking chain mail
  7527 | D:9      | Identified the cursed +0 chain mail of the Chupacabra {rC+
                  | Stlth+} (You found it on level 9 of the Dungeon)
  7640 | D:9      | Reached skill level 4 in Long Blades
  7772 | D:9      | Reached **** piety under Beogh
  7886 | D:9      | Found a corrupted altar of Lugonu.
  7886 | D:9      | Noticed a white ugly thing
  7886 | D:9      | Noticed a purple ugly thing
  7939 | D:9      | Found a transporter.
  7942 | D:9      | Found a transporter.
  8007 | D:9      | Gained Oreg as an ally
  8022 | D:9      | Found an ancient bone altar of Kikubaaqudgha.
  8119 | D:10     | Entered Level 10 of the Dungeon
  8220 | D:10     | Reached skill level 5 in Long Blades
  8324 | D:10     | Noticed a gargoyle
  8331 | D:10     | Killed a gargoyle
  8332 | D:10     | Reached skill level 6 in Long Blades
  8396 | D:10     | Noticed a two-headed ogre
  8404 | D:10     | Killed a two-headed ogre
  8405 | D:10     | Reached XP level 11. HP: 81/97 MP: 11/11
  8529 | D:10     | Reached skill level 7 in Long Blades
  8588 | D:10     | Noticed Harold
  8597 | D:10     | Killed Harold
  9148 | D:10     | Reached skill level 8 in Long Blades
  9158 | D:10     | Reached skill level 10 in Fighting
  9657 | D:11     | Noticed Grum
  9669 | D:11     | Killed Grum
  9685 | D:11     | Noticed a two-headed ogre
  9694 | D:11     | Killed a two-headed ogre
  9695 | D:11     | Reached skill level 9 in Long Blades
 10327 | D:11     | Reached skill level 10 in Long Blades
 10503 | D:11     | Found a staircase to the Lair.
 10535 | Lair:1   | Entered Level 1 of the Lair of Beasts
 10570 | Lair:1   | Identified a scroll of acquirement
 10570 | Lair:1   | Acquired 520 gold pieces
 10809 | Lair:1   | Reached XP level 12. HP: 108/110 MP: 12/12
 11382 | Lair:2   | Reached skill level 11 in Long Blades
 11400 | Lair:2   | Noticed a six-headed hydra
 11408 | Lair:2   | Killed a ten-headed hydra
 11796 | Lair:2   | Noticed Urug
 11799 | Lair:2   | Noticed Gadfly's ghost (journeyman FoFi)
 12064 | Lair:2   | Found a transporter.
 12066 | Lair:2   | Found a transporter.
 12088 | Lair:2   | Killed Gadfly's ghost
 12091 | Lair:2   | Paralysed by a hornet for 1 turns
 12729 | Lair:3   | Reached skill level 12 in Long Blades
 13269 | Lair:3   | Identified the Almanac of Twisted Conjuration
 13862 | Lair:4   | Found a staircase to the Swamp.
 13865 | Lair:4   | Reached ***** piety under Beogh
 13893 | Lair:4   | Noticed Nessos
 13902 | Lair:4   | Killed Nessos
 14075 | Lair:4   | Noticed an eight-headed hydra
 14090 | Lair:4   | Killed a 12-headed hydra
 14091 | Lair:4   | Reached skill level 13 in Long Blades
 14119 | Lair:4   | Your ally Oreg died
 14600 | Lair:4   | Got a pitted plate armour
 14611 | Lair:4   | Identified the +7 plate armour of the Bagpipe {rElec Regen+
                  | Str-4 SInv} (You found it on level 4 of the Lair of Beasts)
 14845 | Lair:4   | Found a staircase to the Snake Pit.
 15165 | Lair:5   | Noticed a six-headed hydra
 15170 | Lair:5   | Killed a nine-headed hydra
 15173 | Lair:5   | Noticed a six-headed hydra
 15174 | Lair:5   | Reached XP level 13. HP: 122/122 MP: 13/13
 15189 | Lair:5   | Your ally died
 15193 | Lair:5   | Gained Oreg as an ally
 15199 | Lair:5   | Your ally Oreg died
 15269 | Lair:5   | Reached skill level 14 in Long Blades
 15277 | Lair:5   | HP: 3/122 [16-headed hydra (5)]
 15277 | Lair:5   | Slain by a 16-headed hydra

Illustrated notes

Levels and vault maps discovered:
D:1:      dpeg_arrival_water_temple_mockup, layout_basic, minmay_lizard_pond
D:2:      layout_basic, minmay_cut_off
D:3:      layout_basic, uniq_crazy_yiuf_cottage, uniq_jessica
D:4:      layout_rooms, serial_curves, eino_curves_03, eino_curves_03,
          uniq_duvessa
D:5:      layout_gridville, nicolae_overflow_crystal_walls, tso_metal_star,
          gammafunk_ghost_nasty_kobolds, basic_altar, serial_shops,
          nicolae_shop_waterfront, kennysheep_mini, shop, nicolae_shop_crystal,
          uniq_prince_ribbit1, uniq_edmund
D:6:      layout_basic, serial_shops, shop_fountains, shop,
          doesnt_shop_hydraphobe
D:7:      layout_basic, nicolae_qazlal_style_of_elements,
          nzn_hepliaklqana_mist_gate, minmay_temple_entry_gardened_gates,
          amcnicky_mini_pool_small, uniq_maggie, uniq_pikel
D:8:      layout_basic, minivault_25, minmay_lindwurm_lava
D:9:      gammafunk_corrupted_shrine, layout_basic, kiku_gazebo_garden_becter
D:10:     layout_stronghold, uniq_harold
D:11:     layout_layer_cave, david_lair_shrubbed, uniq_grum
Lair:1:   layout_gridlike, chequers_serial_rivers_micro_c, lemuel_fruit_tree
Lair:2:   layout_long_grid, gammafunk_ghost_hive, st_stairs_11,
          chequers_serial_rivers_micro_b, uniq_urug
Lair:3:   layout_cave_pods, minmay_stone_trees_medium, worms_lemuel,
          grunt_megastairs_4
Lair:4:   layout_regular_city, swamp_mist_pool, dummy_snake_entry,
          minmay_lair_oklob_chamber, uniq_nessos
Lair:5:   layout_misc_corridors, gammafunk_ghost_necromancy, lemuel_old_faithful

Skill      XL: |  1  2  3  4  5  6  7  8  9 10 11 12 13 |
---------------+----------------------------------------+-----
Axes           | 3 4 6 7 10 12 | 12.2
Fighting       | 4 5 6 7 9 11 13 | 13.2
Armour         | 4 5 6 7 |  7.4
Shields        | 4 5 6 7 |  7.7
Dodging        | 1 2 |  2.2
Stealth        | 1 |  1.1
Long Blades    | 6 10 13 14 | 14.0
Evocations     | |  0.5

Action                   |  1- 3 |  4- 6 |  7- 9 | 10-12 | 13-15 || total
-------------------------+-------+-------+-------+-------+-------++-------
Melee: War axe           |    95 |   145 |   353 |    11 |       ||   604
       Long sword        |       |       |       |   424 |    26 ||   450
Invok: Convert to Beogh  |       |     1 |       |       |       ||     1
       Smiting           |       |       |       |     3 |     2 ||     5
       Recall Orcish Fol |       |       |       |     1 |       ||     1
Evoke: Wand              |       |       |     4 |    19 |       ||    23
  Use: Scroll            |       |     9 |     6 |    13 |     3 ||    31
       Potion            |       |     5 |     1 |     7 |     3 ||    16
 Stab: Distracted        |       |       |       |     5 |       ||     5
       Confused          |       |       |       |     1 |       ||     1
       Paralysed         |       |       |       |     4 |       ||     4
Armor: Scale mail        |    14 |       |       |       |       ||    14
       Chain mail        |    28 |    95 |   163 |   148 |       ||   434
       Skin              |       |       |       |    11 |       ||    11
       Plate armour      |       |       |       |    40 |   108 ||   148
Dodge: Dodged            |    29 |    29 |    74 |   108 |    23 ||   263
Block: Kite shield       |    62 |    80 |   177 |   238 |    50 ||   607
       Rpst.: Long sword |       |       |       |    22 |     1 ||    23
